 Dungeon Crawl Stone Soup version 0.28.0-62-gf88900778d (webtiles) character file.

Game seed: 9106950581352985093

4425 cbfl8 the Cleaver (level 10, -1/76 HPs)
             Began as a Demonspawn Fighter on Sept 26, 2023.
             Was an Initiate of Hepliaklqana.
             Killed from afar by a gnoll shaman (13 damage)
             ... with a bolt of acid
             ... on level 7 of the Dungeon.
             The game lasted 00:13:49 (12062 turns).

cbfl8 the Cleaver (Demonspawn Fighter)             Turns: 12062, Time: 00:13:50

Health: -1/76      AC: 14    Str: 19    XL:     10   Next: 14%
Magic:  10/10      EV:  7    Int:  9    God:    Hepliaklqana [......]
Gold:   295        SH:  6    Dex: 21    Spells: 9/9 levels left

rFire   . . .      SeeInvis .   x - +2 war axe (flame)
rCold   . . .      Faith    .   c - +0 buckler
rNeg    . . .      Spirit   .   o - +0 chain mail
rPois   .          Reflect  .   h - +0 helmet
rElec   .          Harm     .   k - +0 cloak
rCorr   .          Rampage  .   (no gloves)
Will    +....                   q - +0 pair of boots
Stlth   ..........              f - amulet of regeneration
HPRegen 1.02/turn               j - +6 ring of dexterity
MPRegen 0.24/turn               t - ring of willpower

@: no status effects
A: hooves 1, powered by pain 1, magic regeneration
a: Renounce Religion


You were on level 7 of the Dungeon.
You worshipped Hepliaklqana.
Hepliaklqana was noncommittal.
You visited 2 branches of the dungeon, and saw 8 of its levels.
You also visited: Sewer.

You collected 425 gold pieces.
You spent 130 gold pieces at shops.

Inventory:

Hand Weapons
 x - a +2 war axe of flaming (weapon)
Missiles
 l - 2 throwing nets
Armour
 c - a +0 buckler (worn)
 h - a +0 helmet (worn)
 k - a +0 cloak (worn)
 o - a +0 chain mail (worn)
 q - a +0 pair of boots (worn)
Jewellery
 f - an amulet of regeneration (around neck)
 j - a +6 ring of dexterity (left hand)
 t - a ring of willpower (right hand)
 w - a ring of resist corrosion
Wands
 a - a wand of charming (5) (quivered)
 d - a wand of polymorph (3)
 r - a wand of digging (9)
Scrolls
 b - a scroll of silence
 e - a scroll of teleportation
 g - a scroll of blinking
 i - 2 scrolls of magic mapping
 m - 3 scrolls of enchant armour
 s - a scroll of noise
 v - a scroll of enchant weapon
Potions
 n - a potion of flight
 p - a potion of curing
 u - a potion of lignification
 z - a potion of invisibility {unknown}


   Skills:
 + Level 5.7 Fighting
 + Level 8.9 Axes
 + Level 6.7 Armour
 + Level 4.7 Shields
 * Level 6.5 Evocations


You had 9 spell levels left.
You didn't know any spells.
Your spell library contained the following spells:

 Spells                   Type           Power      Damage    Failure   Level
 Sublimation of Blood     Necr           0%         N/A       100%        2
 Portal Projectile        Hex/Tloc       0%         N/A       100%        3
 Petrify                  Tmut/Erth      0%         N/A       100%        4
 Summon Lightning Spire   Summ/Air       0%         N/A       100%        4
 Blade Hands              Tmut           0%         N/A       100%        5
 Excruciating Wounds      Necr           0%         N/A       100%        5
 Irradiate                Conj/Tmut      0%         3d14      100%        5
 Malign Gateway           Summ/Tloc      0%         N/A       100%        7
 Storm Form               Tmut/Air       0%         N/A       100%        7
 Maxwell's Capacitive Co  Air            0%         ∞         100%        8
 Summon Horrible Things   Summ           0%         N/A       100%        8


Dungeon Overview and Level Annotations

Branches:
Dungeon (7/15)             Temple (1/1) D:5           Sewer (visited)

Altars:
Cheibriados
Dithmenos
Elyvilon
Gozag
Hepliaklqana
Kikubaaqudgha
Makhleb
Nemelex Xobeh
Okawaru
Ru
Trog
Wu Jian
Xom
Yredelemnul
Zin
The Shining One

Shops:
D:4 :   D:5 ?


Innate Abilities, Weirdness & Mutations

You have large cloven feet.
You sometimes gain a little power by taking damage.
You regenerate magic rapidly.


Message History

The howler monkey hits you but does no damage.
You slash the howler monkey! You burn the howler monkey.
You kill the howler monkey!
Something hits you.
Deactivating autopickup; reactivate with Ctrl-A.
A cyclops comes into view.
You hit the wyvern but do no damage.
The wyvern is severely wounded.
The wyvern bites you!
The wyvern bites you but does no damage.
A gnoll shaman comes into view.
It is wielding a +0 club and carrying a wand of acid (7).
You slash the wyvern! You burn the wyvern.
You kill the wyvern!
Something hits you but does no damage.
The cyclops throws a large rock.
The large rock hits you!!!
Ouch! That really hurt!
* * * LOW HITPOINT WARNING * * *
Aiming: Charm
Press: ? - help, Q - select action, (/) - cycle Shift-Dir - straight line, f - cyclops
Aim: a cyclops, quivering large rocks (chance to affect: 47%)
The cyclops resists with some effort.
Something completely misses you.
Unknown command.
Aiming: Charm
Press: ? - help, Q - select action, (/) - cycle Shift-Dir - straight line, f/p - cyclops
Aim: a cyclops, quivering large rocks (chance to affect: 47%)
The cyclops resists with some effort.
Something hits you!
* * * LOW HITPOINT WARNING * * *
A bullfrog comes into view.
Aiming: Charm
Press: ? - help, Q - select action, (/) - cycle Shift-Dir - straight line, f/p - cyclops
Aim: a cyclops, quivering large rocks (chance to affect: 47%)
The cyclops is charmed.
Something hits you but does no damage. The bullfrog hits your cyclops.
Something hits you but does no damage.
Your cyclops hits the bullfrog!!
The bullfrog dies!
The gnoll shaman zaps a wand.
The bolt of acid hits something!
The acid corrodes something!
The bolt of acid hits you!
You die...

#..###################..(....
#(.#.♣.♣.#.(...#.)...#.......
#..#..♣..#.♣♣♣.#)♣.♣.#.......
#..#.....÷.♣ ♣...♣.♣.#......<
#..#..♣..#(♣♣♣.#)♣♣♣.#.......
#..# ♣.♣.#.....#.♣ ♣.#.......
#..#♣♣†♣♣###.##### ♣♣#....<..
#..#.....# ♣.♣ #♣ ♣#.......
#####..#.♣♣♣.# ♣@♣ #.
.#.....## .......#.♣ ♣.# ♣†♣
#. .#....... .......#.♣ ♣.#


g.C #.♣♣♣.#...#..# .......#.♣ ♣.#.###: ♣...♣#....... .).....#.♣♣♣.##
##♣...♣#..#.... .####........# #.♣♣♣......... .# #.....♣..# #.♣ ♣....#....
.####........# #.♣♣♣......... ....[..#.♣♣♣.# #♣...♣#....... You could see a
gnoll shaman and a friendly cyclops (charmed, unaware).

Vanquished Creatures
  A two-headed ogre (D:6)
  Grinder (D:6)
  2 wyverns (D:7)
  2 yaks
  Sigmund (D:6)
  Eustachio (D:6)
  A water moccasin (D:7)
  2 orc warriors
  2 ice beasts (D:7)
  2 black bears
  An ogre (D:4)
  4 sky beasts
  3 centaurs
  A kobold brigand (D:7)
  2 bullfrogs (Sewer)
  A howler monkey (D:7)
  A hound (D:7)
  4 centaur zombies
  A bullfrog zombie (D:5)
  A jelly (D:5)
  2 bullfrog skeletons
  2 gnoll shamans
  5 orc priests
  A centaur skeleton (D:7)
  4 iguanas
  5 orc wizards
  Terence (D:3)
  8 gnolls
  10 adders
  3 ufetubi
  An adder skeleton (D:4)
  3 worms
  A dart slug (D:4)
  19 orcs
  3 bats
  6 endoplasms
  15 giant cockroaches
  5 goblins
  3 hobgoblins
  4 jackals (D:2)
  8 kobolds
  10 quokkas
  10 ball pythons
  15 frilled lizards
  7 rats
185 creatures vanquished.

Vanquished Creatures (collateral kills)
  A yak (D:5)
  A bullfrog (D:7)
2 creatures vanquished.

Vanquished Creatures (others)
  A cyclops (D:7)
  10 plants (D:2)
11 creatures vanquished.

Grand Total: 198 creatures vanquished

Notes
Turn   | Place    | Note
-------+----------+-------------------------------------------
     0 | D:1      | cbfl8 the Demonspawn Fighter began the quest for the Orb.
     0 | D:1      | Reached XP level 1. HP: 18/18 MP: 1/1
   245 | D:1      | Gained mutation: You have large cloven feet. [demonic
                  | ancestry]
   245 | D:1      | Reached XP level 2. HP: 12/24 MP: 2/2
   572 | D:1      | Reached skill level 2 in Axes
   882 | D:1      | Found Ugiemm's Antique Weapon Shoppe.
  1528 | D:2      | Reached skill level 1 in Evocations
  1540 | D:2      | Reached XP level 3. HP: 28/29 MP: 3/3
  2179 | D:2      | Found a faded altar of an unknown god.
  2550 | D:3      | Reached XP level 4. HP: 27/35 MP: 4/4
  2587 | D:3      | Found a glowing drain.
  2592 | Sewer    | Entered a sewer
  2648 | Sewer    | Reached skill level 3 in Axes
  3404 | Sewer    | Reached XP level 5. HP: 34/41 MP: 5/5
  4108 | Sewer    | Gained mutation: You sometimes gain a little power by
                  | taking damage. [demonic ancestry]
  4108 | Sewer    | Reached XP level 6. HP: 34/47 MP: 6/6
  4314 | Sewer    | Identified the +1 acid dragon scales of the Trout {rCorr
                  | Dex+4}
  4596 | D:3      | Found a shimmering altar of Xom.
  4599 | D:3      | Noticed Terence
  4600 | D:3      | Found a shimmering altar of Xom.
  4601 | D:3      | Found a shimmering altar of Xom.
  4602 | D:3      | Found a shimmering altar of Xom.
  4611 | D:3      | Killed Terence
  4612 | D:3      | Reached skill level 4 in Axes
  4826 | D:3      | Found a shimmering altar of Xom.
  5007 | D:3      | Found a bloodstained altar of Trog.
  5606 | D:4      | Found Gijy's Book Emporium.
  6090 | D:4      | Reached XP level 7. HP: 42/53 MP: 7/7
  6294 | D:4      | Found an ornate altar of the Wu Jian Council.
  6421 | D:5      | Entered Level 5 of the Dungeon
  6464 | D:5      | Reached skill level 5 in Axes
  6467 | D:5      | Noticed a yak
  6801 | D:5      | Found Wepealy's Magic Scroll Boutique.
  6806 | D:5      | Bought a scroll of teleportation for 39 gold pieces
  6806 | D:5      | Bought a scroll of teleportation for 39 gold pieces
  6806 | D:5      | Bought a scroll of identify for 26 gold pieces
  6806 | D:5      | Bought a scroll of identify for 26 gold pieces
  7147 | D:5      | Noticed a yak
  7151 | D:5      | Noticed a yak
  7165 | D:5      | Killed a yak
  7516 | D:6      | Noticed Sigmund
  7544 | D:6      | Killed Sigmund
  7545 | D:6      | Gained mutation: You regenerate magic rapidly. [demonic
                  | ancestry]
  7545 | D:6      | Reached XP level 8. HP: 45/60 MP: 8/8
  8018 | D:5      | Reached skill level 6 in Axes
  8230 | D:6      | Noticed Eustachio
  8249 | D:6      | Noticed Grinder
  8762 | D:6      | Noticed a two-headed ogre
  9083 | D:6      | Killed Eustachio
  9121 | D:6      | Paralysed by Grinder for 3 turns
  9137 | D:6      | Paralysed by Grinder for 4 turns
  9146 | D:6      | Killed Grinder
  9147 | D:6      | Reached skill level 5 in Armour
 10078 | D:5      | Found a staircase to the Ecumenical Temple.
 10093 | Temple   | Entered the Ecumenical Temple
 10204 | Temple   | Became a worshipper of Hepliaklqana the Forgotten
 10421 | D:6      | Reached skill level 7 in Axes
 10421 | D:6      | Reached skill level 5 in Evocations
 10421 | D:6      | Reached XP level 9. HP: 55/67 MP: 9/9
 11212 | D:6      | Killed a two-headed ogre
 11213 | D:6      | Reached skill level 5 in Fighting
 11294 | D:7      | Reached skill level 8 in Axes
 11768 | D:7      | Reached XP level 10. HP: 50/75 MP: 10/10
 12044 | D:7      | Noticed a cyclops
 12057 | D:7      | Noticed a cyclops
 12062 | D:7      | Killed from afar by a gnoll shaman

Illustrated notes

Levels and vault maps discovered:
D:1:      lightli_arrival_farm, layout_basic, serial_shops, shop_coins
D:2:      layout_rooms, serial_bayou, serial_bayou_lagoon_a,
          serial_bayou_pond_c, serial_bayou_pond_b, serial_bayou_crossing,
          serial_bayou_lake_a, serial_bayou_pond_a,
          ebering_ecumenical_altar_hall, basic_altar
D:3:      layout_basic, trog_butcher_becter, xom_redecorated,
          gup_sewer_entry_bowl, uniq_terence
D:4:      layout_loops_ring, pdpol_wu_jian_five_deadly_venoms, serial_shops,
          nicolae_shop_advertising_works [nicolae_subvault_shop_adworks]
D:5:      layout_cave_pools, minmay_temple_entry_sparse_star, serial_shops,
          kennysheep_little_box
D:6:      layout_loops_corners, uniq_grinder, uniq_eustachio, uniq_sigmund
D:7:      nzn_winding_woodlands_medium [nzn_winding_woodlands_5x5_default,
          nzn_winding_woodlands_5x15_concentric,
          nzn_winding_woodlands_hourglass,
          nzn_winding_woodlands_5x5_checkerboard,
          nzn_winding_woodlands_center_pierced_h,
          nzn_winding_woodlands_5x5_perimeter,
          nzn_winding_woodlands_5x5_closed_star,
          nzn_winding_woodlands_5x15_zeroes, nzn_winding_woodlands_5x5_three],
          layout_rooms
Temple:   nicolae_temple_elliptical

Skill      XL: |  1  2  3  4  5  6  7  8  9 |
---------------+----------------------------+-----
Axes           | 2 3 4 5 7 8 |  8.9
Evocations     | 1 2 4 5 6 |  6.5
Armour         | 3 4 5 6 |  6.7
Shields        | 3 4 |  4.7
Fighting       | 4 5 |  5.7

Action                   |  1- 3 |  4- 6 |  7- 9 | 10-12 || total
-------------------------+-------+-------+-------+-------++-------
Melee: War axe           |   126 |   245 |   393 |    21 ||   785
       Kick              |    16 |    20 |       |       ||    36
Evoke: Wand              |       |       |     2 |     4 ||     6
  Use: Scroll            |     5 |     3 |    13 |       ||    21
       Potion            |     1 |     1 |     2 |       ||     4
Armor: Scale mail        |    56 |       |       |       ||    56
       Chain mail        |    16 |   157 |   298 |    23 ||   494
Dodge: Dodged            |    62 |    73 |   130 |     9 ||   274
Block: Buckler           |    39 |    82 |   138 |    12 ||   271
